 Dungeon Crawl Stone Soup version 0.24-b1 (webtiles) character file.

Game seed: 18411609979112420336, levelgen mode: deterministic

58 MisterFreud the Changer (level 3, -9/15 HPs)
             Began as a Felid Transmuter on Oct 13, 2019.
             Killed from afar by a kobold (22 damage)
             ... with a bolt of acid
             ... on level 3 of the Dungeon.
             The game lasted 00:06:11 (2365 turns).

MisterFreud the Changer (Felid Transmuter)          Turns: 2365, Time: 00:06:12

Health: -9/15      AC:  2    Str:  6    XL:     3   Next: 76%
Magic:  6/8        EV: 22    Int: 15    God:
Gold:   118        SH:  0    Dex: 26    Spells: 2/8 levels left
                                        Lives:  0   Deaths: 1

rFire    . . .     SeeInvis +     - Unarmed
rCold    . . .     Gourm    .   (shield unavailable)
rNeg     . . .     Faith    .   (armour unavailable)
rPois    x         Spirit   .   (helmet unavailable)
rElec    .         Reflect  .   (cloak unavailable)
rCorr    .         Harm     .   (gloves unavailable)
MR       .....                  (boots unavailable)
Stlth    ++........             (no amulet)
HPRegen  0.05/turn              e - +5 ring of dexterity
MPRegen  0.11/turn              (no ring)

@: spider-form (expiring)
A: tiny, no armour, no weapons or thrown items, stealth, see invisible,
carnivore, slow metabolism 1
a: End Transformation


You were on level 3 of the Dungeon.
You were full.
You were a venomous arachnid creature.
You visited 1 branch of the dungeon, and saw 3 of its levels.

You collected 118 gold pieces.

Inventory:

Missiles
 a - 50 arrows
Jewellery
 e - a +5 ring of dexterity (left front leg)
Scrolls
 b - 4 scrolls of remove curse
 k - 2 scrolls of blinking {unknown}
 m - a scroll of random uselessness {unknown}
 n - a scroll of fear {unknown}
Potions
 d - a potion of mutation
 f - a potion of curing
 g - a potion of agility
 h - a potion of magic
 i - 4 potions of resistance
 j - a potion of heal wounds
 l - 2 potions of might
Comestibles
 c - 5 rations


   Skills:
 - Level 1.0 Fighting
 * Level 2.9 Dodging
 - Level 3.0 Unarmed Combat
 - Level 3.0 Spellcasting
 * Level 4.7 Transmutations


You had 2 spell levels left.
You knew the following spells:

 Your Spells              Type           Power        Failure   Level  Hunger
a - Beastly Appendage     Tmut           ###...       11%         1    #......
b - Sticks to Snakes      Tmut           ###.....     13%         2    ##.....
c - Spider Form           Tmut/Pois      #.........   43%         3    ###....

Your spell library contained the following spells:

 Spells                   Type           Power        Failure   Level  Hunger
 Ice Form                 Ice/Tmut       #.......     78%         4    #####..
 Blade Hands              Tmut           ###.......   82%         5    ######.


Dungeon Overview and Level Annotations

Branches:
Dungeon (3/15)

Altars:
Okawaru
Sif Muna
Uskayaw
Zin


Innate Abilities, Weirdness & Mutations

You cannot wear armour.
You are incapable of wielding weapons or throwing items.
Your paws allow you to move quietly. (Stealth)
((You have sharp claws.))
((You have razor-sharp teeth.))
You have supernaturally acute eyesight. (SInv)
You are carnivorous and can eat meat at any time.
((You cover ground quickly.))
((You are covered in fur. (AC +1)))
You have a slow metabolism.
((Your sharp claws are effective at attacking unaware monsters.))


Message History

Eating a chunk of flesh.
You eat the chunk of flesh.
This raw flesh tastes great.
There is a stone staircase leading down here.
A giant cockroach comes into view.
Casting: Spider Form (safe; 22% risk of failure)
Confirm with . or Enter, or press ? or * to list all spells.
You turn into a venomous arachnid creature.
You hit the giant cockroach but do no damage.
The giant cockroach bites you.
You barely miss the giant cockroach.
The giant cockroach completely misses you.
You hit the giant cockroach.
You kill the giant cockroach!
No target in view!
Your transformation is almost over.
Found 18 stones.
The kobold is too close now for your liking.
The kobold zaps a wand.
The bolt of acid hits you!!
Ouch! That really hurt!
You die...

## #. ########## ####. +
.....(...# #.... #..
#......#####.##.
#....####......#........
.....K.s...............>
#########.......##.#.##.
#........#.#....
#......#.#.#.##.
########......#.
##.###... #.###...
####..##... #
#.....#....


You could see a kobold.

Vanquished Creatures
  A howler monkey (D:3)
  3 adders
  A worm (D:3)
  2 dart slugs
  A leopard gecko (D:3)
  An orc (D:3)
  2 giant cockroaches (D:3)
  6 hobgoblins
  3 jackals (D:1)
  2 kobolds
  2 ball pythons
  8 bats
  2 frilled lizards (D:1)
  6 goblins
  8 rats
48 creatures vanquished.

Notes
Turn   | Place    | Note
-------+----------+-------------------------------------------
     0 | D:1      | MisterFreud the Felid Transmuter began the quest for the
                  | Orb.
     0 | D:1      | Reached XP level 1. HP: 9/9 MP: 4/4
   278 | D:1      | Reached XP level 2. HP: 10/12 MP: 4/6
   533 | D:2      | Reached skill level 3 in Transmutations
   941 | D:2      | Reached XP level 3. HP: 8/15 MP: 7/7
  1710 | D:2      | Learned a level 2 spell: Sticks to Snakes
  1714 | D:2      | Learned a level 3 spell: Spider Form
  1736 | D:3      | Reached skill level 4 in Transmutations
  1736 | D:3      | Reached XP level 4. HP: 11/19 MP: 5/9
  2279 | D:3      | Found a hide-covered altar of Uskayaw.
  2282 | D:3      | Found an iron altar of Okawaru.
  2282 | D:3      | Found a glowing silver altar of Zin.
  2284 | D:3      | Found a shimmering blue altar of Sif Muna.
  2338 | D:3      | Killed from afar by a kobold
  2339 | D:3      | Reached XP level 3. HP: -1/15 MP: 8/8
  2365 | D:3      | Killed from afar by a kobold

Skill      XL: |  1  2  3  4 |
---------------+-------------+-----
Transmutations | 3 4 |  4.7
Spellcasting   | 3 |  3.0
Fighting       | |  1.0
Dodging        | |  2.9
Unarmed Combat | |  3.0

Action                   |  1- 3 |  4- 6 || total
-------------------------+-------+-------++-------
Melee: Unarmed           |    94 |    49 ||   143
       Bite              |     6 |     2 ||     8
       Headbutt          |    14 |     3 ||    17
       Punch             |     4 |       ||     4
 Cast: Beastly Appendage |    16 |     2 ||    18
       Spider Form       |     2 |     2 ||     4
  Use: Scroll            |     9 |     3 ||    12
       Potion            |     1 |       ||     1
 Stab: Sleeping          |     2 |       ||     2
  Eat: Chunk             |    11 |     2 ||    13
Armor: Skin              |     5 |     5 ||    10
Dodge: Dodged            |    85 |    50 ||   135
